 Dungeon Crawl Stone Soup version 0.28.0-45-g0d030f2227 (webtiles) character file.

Game seed: 15691612074820103907

149 Ablot the Grasshopper (level 5, -1/43 HPs)
             Began as a Gnoll Warper on Apr 7, 2022.
             Was an Initiate of Okawaru.
             Slain by an orc priest
             ... wielding a +0 falchion
              (4 damage)
             ... on level 3 of the Dungeon.
             The game lasted 00:03:39 (2623 turns).

Ablot the Grasshopper (Gnoll Warper)                Turns: 2623, Time: 00:03:40

Health: -1/43      AC:  5    Str: 18    XL:     5   Next: 31%
Magic:  0/12       EV: 13    Int: 19    God:    Okawaru [......]
Gold:   108        SH:  0    Dex: 11    Spells: 12/14 levels left

rFire   . . .      SeeInvis .   a - +0 spear
rCold   . . .      Faith    .   (no shield)
rNeg    . . .      Spirit   +   b - +0 leather armour
rPois   .          Reflect  .   i - +1 helmet
rElec   .          Harm     .   (no cloak)
rCorr   .          Rampage  .   (no gloves)
Will    .....                   (no boots)
Stlth   +.........              u - amulet of guardian spirit
HPRegen 0.14/turn               h - +6 ring of intelligence
MPRegen 0.13/turn               n - +6 ring of strength

@: no status effects
A: fangs 1, strong nose, distributed training
a: Renounce Religion


You were on level 3 of the Dungeon.
You worshipped Okawaru.
Okawaru was noncommittal.
You visited 1 branch of the dungeon, and saw 3 of its levels.

You collected 108 gold pieces.

Inventory:

Hand Weapons
 a - a +0 spear (weapon)
Missiles
 d - 5 boomerangs of dispersal
 e - 102 stones
 l - 3 poisoned darts (quivered)
 q - 21 arrows
 s - 4 boomerangs
Armour
 b - a +0 leather armour (worn)
 i - a +1 helmet (worn)
Jewellery
 h - a +6 ring of intelligence (left hand)
 k - a +6 ring of intelligence
 n - a +6 ring of strength (right hand)
 u - an amulet of guardian spirit (around neck)
Scrolls
 c - a scroll of blinking
 f - 4 scrolls of identify {unknown}
 o - a scroll of enchant armour {unknown}
Potions
 g - a potion of curing {unknown}
 j - a potion of invisibility {unknown}
 m - a potion of mutation {unknown}
 p - a potion of resistance {unknown}
 r - a potion of magic {unknown}
 t - a potion of haste {unknown}


   Skills:
 + Level 4.7 Fighting
 + Level 1.4 Short Blades
 + Level 1.4 Long Blades
 + Level 1.4 Axes
 + Level 1.4 Maces & Flails
 + Level 4.7 Polearms
 + Level 1.4 Staves
 + Level 1.4 Slings
 + Level 1.4 Bows
 + Level 1.4 Crossbows
 + Level 2.9 Throwing
 + Level 2.9 Armour
 + Level 4.7 Dodging
 + Level 1.4 Stealth
 + Level 1.4 Shields
 + Level 1.4 Unarmed Combat
 + Level 5.2 Spellcasting
 + Level 1.1 Conjurations
 + Level 1.1 Hexes
 + Level 1.1 Summonings
 + Level 1.1 Necromancy
 + Level 5.5 Translocations
 + Level 1.1 Transmutations
 + Level 1.1 Fire Magic
 + Level 1.1 Ice Magic
 + Level 1.1 Air Magic
 + Level 1.1 Earth Magic
 + Level 1.1 Poison Magic
 + Level 1.6 Invocations
 + Level 1.4 Evocations


You had 12 spell levels left.
You knew the following spells:

 Your Spells              Type           Power      Damage    Failure   Level
a - Blink                 Tloc           52%        N/A       2%          2

Your spell library contained the following spells:

 Spells                   Type           Power      Damage    Failure   Level
 Gell's Gravitas          Tloc           26%        N/A       4%          3
 Lesser Beckoning         Tloc           26%        N/A       4%          3
 Teleport Other           Tloc           26%        N/A       4%          3
 Pain                     Necr           36%        1d5       9%          1
 Vampiric Draining        Necr           9%         2d6       26%         3
 Manifold Assault         Tloc           26%        N/A       38%         5
 Dispersal                Tloc           13%        N/A       92%         6
 Animate Skeleton         Necr           Unusable   N/A       N/A         1

Dungeon Overview and Level Annotations

Branches:
Dungeon (3/15)

Altars:
Okawaru

Annotations:
D:3 exclusion: sky beast


Innate Abilities, Weirdness & Mutations

You have very sharp teeth.
Your uncanny sense of smell can sniff out nearby items.
Your experience applies equally to all skills.


Message History

You closely miss the orc priest.
The orc priest invokes the aid of Beogh against you.
Pain shoots through your body!
* * * LOW HITPOINT WARNING * * *
You hit the orc priest.
The orc priest is moderately wounded.
The orc hits you with a +0 mace.
* * * LOW HITPOINT WARNING * * *
You hit the orc priest.
The orc priest is severely wounded.
The orc priest hits you but does no damage.
The orc hits you with a +0 mace.
* * * LOW HITPOINT WARNING * * *
You closely miss the orc priest.
The orc priest is severely wounded.
The orc priest hits you but does no damage.
The orc misses you.
You closely miss the orc priest.
The orc priest is severely wounded.
The orc priest hits you with a +0 falchion.
* * * LOW HITPOINT WARNING * * *
The orc hits you but does no damage.
You completely miss the orc priest.
The orc priest is severely wounded.
The orc priest casts a cantrip, but nothing happens.
The orc hits you but does no damage.
You barely miss the orc priest.
The orc priest is severely wounded.
The orc priest hits you with a +0 falchion.
* * * LOW HITPOINT WARNING * * *
You hit the orc priest.
The orc priest is almost dead.
The orc barely misses you.
You barely miss the orc priest.
The orc priest is almost dead.
The orc priest misses you. The orc closely misses you.
You completely miss the orc priest.
The orc priest is almost dead.
The orc priest hits you with a +0 falchion.
You die...

....##.##### #..###....#
...........# ##.########
...........# ####..# #.ooo(<....#
#.)...## #..........#####
#......#
P...##'#####...#####......#######
≈♣..##...).'...(............[....
≈≈≈.########...#oo........#######
≈≈≈.# #...#@)..#####..# #
#...#....# ##.# # #..)#....# .# #
#...#....# .. # #...###### #.# #
≈#### .# # ≈ .. # ≈


You could see an orc priest and an orc.

Vanquished Creatures
  2 orc priests (D:3)
  2 adders (D:2)
  3 dart slugs
  An orc (D:3)
  5 endoplasms
  A giant cockroach (D:1)
  8 goblins
  6 hobgoblins
  5 quokkas
  5 ball pythons
  7 bats
  5 frilled lizards
  8 kobolds
  6 rats
64 creatures vanquished.

Vanquished Creatures (others)
  22 plants (D:3)
22 creatures vanquished.

Grand Total: 86 creatures vanquished

Notes
Turn   | Place    | Note
-------+----------+-------------------------------------------
     0 | D:1      | Ablot the Gnoll Warper began the quest for the Orb.
     0 | D:1      | Reached XP level 1. HP: 20/20 MP: 6/6
    94 | D:1      | Reached XP level 2. HP: 24/26 MP: 7/7
   117 | D:1      | Learned a level 2 spell: Blink
   408 | D:1      | Reached XP level 3. HP: 31/31 MP: 9/9
   453 | D:1      | Reached skill level 5 in Spellcasting
  1122 | D:2      | Reached skill level 1 in Invocations
  1247 | D:2      | Found a faded altar of an unknown god.
  1404 | D:2      | Reached skill level 1 in Short Blades
  1404 | D:2      | Reached skill level 1 in Long Blades
  1404 | D:2      | Reached skill level 1 in Axes
  1404 | D:2      | Reached skill level 1 in Maces & Flails
  1404 | D:2      | Reached skill level 1 in Staves
  1404 | D:2      | Reached skill level 1 in Slings
  1404 | D:2      | Reached skill level 1 in Bows
  1404 | D:2      | Reached skill level 1 in Crossbows
  1404 | D:2      | Reached skill level 1 in Stealth
  1404 | D:2      | Reached skill level 1 in Shields
  1404 | D:2      | Reached skill level 1 in Unarmed Combat
  1404 | D:2      | Reached skill level 1 in Evocations
  1404 | D:2      | Reached XP level 4. HP: 35/38 MP: 11/11
  2287 | D:3      | Found an iron altar of Okawaru.
  2292 | D:3      | Became a worshipper of Warmaster Okawaru
  2313 | D:3      | Noticed a sky beast
  2505 | D:3      | Reached skill level 1 in Conjurations
  2505 | D:3      | Reached skill level 1 in Hexes
  2505 | D:3      | Reached skill level 1 in Summonings
  2505 | D:3      | Reached skill level 1 in Necromancy
  2505 | D:3      | Reached skill level 1 in Transmutations
  2505 | D:3      | Reached skill level 1 in Fire Magic
  2505 | D:3      | Reached skill level 1 in Ice Magic
  2505 | D:3      | Reached skill level 1 in Air Magic
  2505 | D:3      | Reached skill level 1 in Earth Magic
  2505 | D:3      | Reached skill level 1 in Poison Magic
  2606 | D:3      | Reached XP level 5. HP: 23/43 MP: 6/12
  2620 | D:3      | HP: 2/43 [orc priest/+0 falchion (1)]
  2623 | D:3      | Slain by an orc priest

Illustrated notes

Levels and vault maps discovered:
D:1:      minmay_arrival_five_plusses, layout_basic
D:2:      minmay_skewed_foursquare, layout_basic, basic_ecumenical_altar,
          minmay_door_square, minmay_diced_spiral
D:3:      layout_basic, okawaru_metal_pillars_3, mainiacjoe_overflow_24_doors,
          serial_forest, infiniplex_forest_lined_room_2,
          infiniplex_forest_zigzag_1, infiniplex_forest_lined_4_way,
          infiniplex_forest_lined_corner, infiniplex_forest_lined_2,
          serial_bayou_lagoon_b, uniq_terence

Skill      XL: |  1  2  3  4 |
---------------+-------------+-----
Spellcasting   | 5 |  5.2
Invocations    | 1 |  1.6
Short Blades   | 1 |  1.4
Long Blades    | 1 |  1.4
Axes           | 1 |  1.4
Maces & Flails | 1 |  1.4
Staves         | 1 |  1.4
Slings         | 1 |  1.4
Bows           | 1 |  1.4
Crossbows      | 1 |  1.4
Stealth        | 1 |  1.4
Shields        | 1 |  1.4
Unarmed Combat | 1 |  1.4
Evocations     | 1 |  1.4
Conjurations   | 1 |  1.1
Hexes          | 1 |  1.1
Summonings     | 1 |  1.1
Necromancy     | 1 |  1.1
Transmutations | 1 |  1.1
Fire Magic     | 1 |  1.1
Ice Magic      | 1 |  1.1
Air Magic      | 1 |  1.1
Earth Magic    | 1 |  1.1
Poison Magic   | 1 |  1.1
Fighting       | |  4.7
Polearms       | |  4.7
Throwing       | |  2.9
Armour         | |  2.9
Dodging        | |  4.7
Translocations | |  5.5

Action                   |  1- 3 |  4- 6 || total
-------------------------+-------+-------++-------
Melee: Spear             |   110 |   103 ||   213
       Bite              |    10 |     4 ||    14
       Punch             |     2 |     1 ||     3
Throw: Dart              |       |     2 ||     2
 Stab: Sleeping          |     2 |     1 ||     3
Armor: Leather armour    |    19 |    16 ||    35
Dodge: Dodged            |    45 |    53 ||    98
